Falcons vs Crunch

Created - Thursday, January 22, 2015 at 00:01

Goals
1 2 3 T
Falcons 0 1 0 1
Crunch 0 1 1 2
Shots
1 2 3 T
Falcons 5 9 12 26
Crunch 8 8 6 22

1st period

No Goal

Penalties :
No Penalty

2nd period

1. Falcons , Quinton Howden 32 (Chad Ruhwedel, Radek Martinek) at 1:58 (PP)
2. Crunch , Eriah Hayes 14 (Jordin Tootoo, Travis Oleksuk) at 2:54

Penalties :
Andre Petersson (SYR) for Roughing (Minor) at 0:43, Travis Oleksuk (SYR) for Cross-checking (Minor) at 10:30

3rd period

3. Crunch , Jordin Tootoo 16 (Danny Syvret, Eriah Hayes) at 3:18 (PP)

Penalties :
Jordan Weal (SPR) for Hooking (Minor) at 2:52, Nick Jensen (SYR) for Tripping (Minor) at 4:39, Joonas Jarvinen (SPR) for Hooking (Minor) at 18:54

Goalie Stats

Troy Grosenick (SPR), 20 saves from 22 shots - (0.909), L, 23-20-5, 60:00 minutes
Richard Bachman (SYR), 25 saves from 26 shots - (0.962), W, 14-6-2, 60:00 minutes

Players Stats for Falcons

Player Name              G  A  P  +/- PIM S  H  SB GA TA FO     MP     PP MP  PK MP  
------------------------------------------------------------------------------------
Austin Watson            0  0  0   0  0   1  3  1  2  0  3/8    22:20   2:14   0:00 
Brian Connelly           0  0  0  -1  0   1  7  1  0  3  0/0    27:49   2:16   1:31 
Brian Dumoulin           0  0  0   0  0   0  0  0  0  0  0/0     5:50   0:00   0:26 
Cal O'Reilly             0  0  0   0  0   4  2  1  4  2  8/11   19:19   2:51   1:14 
Carl Klingberg           0  0  0   0  0   0  1  0  0  0  0/0     3:56   0:00   0:00 
Chad Ruhwedel            0  1  1  -1  0   4  2  2  0  2  0/0    23:10   2:57   0:00 
Chris Thorburn           0  0  0  -1  0   2  1  0  2  0  2/3    22:30   2:51   1:01 
Jeff Hoggan              0  0  0   0  0   0  0  0  0  0  0/0     0:30   0:00   0:00 
Jeff Taffe               0  0  0  -1  0   2  0  0  0  2  0/1    21:09   0:08   0:00 
Joonas Jarvinen          0  0  0   0  2   0  0  0  0  1  0/0    11:29   0:00   0:00 
Jordan Weal              0  0  0  -1  2   4  1  2  0  0  7/18   23:34   2:51   0:30 
Kevin Connauton          0  0  0   0  0   2  1  1  1  0  0/0    28:28   2:57   1:05 
Krys Barch               0  0  0   0  0   0  0  1  0  0  0/0     9:00   0:00   0:17 
Matt Ellis               0  0  0   0  0   1  1  1  0  1  1/1    15:30   0:00   0:00 
Mitch Callahan           0  0  0   0  0   1  2  0  1  1  1/1    20:33   2:22   0:00 
Nick Shore               0  0  0   0  0   0  0  0  0  0  0/0     1:28   0:00   0:00 
Quinton Howden           1  0  1   0  0   3  2  1  3  0  0/1    19:40   2:22   0:00 
Radek Martinek           0  1  1   0  0   1  0  2  2  3  0/0    22:02   2:16   0:00 

Players Stats for Crunch

Player Name              G  A  P  +/- PIM S  H  SB GA TA FO     MP     PP MP  PK MP  
------------------------------------------------------------------------------------
Andre Petersson          0  0  0   0  2   1  1  1  0  0  0/1    16:26   0:44   0:00 
Brett Skinner            0  0  0   0  0   2  1  1  0  2  0/0    21:40   0:00   1:23 
Brodie Reid              0  0  0   0  0   0  1  0  1  1  0/0    10:25   0:00   0:00 
Chad Billins             0  0  0   1  0   0  2  2  0  0  0/0    25:38   0:46   3:50 
Corban Knight            0  0  0   0  0   1  1  0  0  0  6/13   16:27   0:44   0:00 
Danny Syvret             0  1  1   1  0   1  2  0  0  1  0/0    29:23   1:10   3:50 
Eriah Hayes              1  1  2   1  0   4  3  0  2  0  0/0    16:16   0:47   0:00 
Jordin Tootoo            1  1  2   1  0   3  1  0  2  0  0/0    16:16   0:47   0:00 
Karl Stollery            0  0  0   0  0   0  2  1  0  0  0/0    19:54   0:45   0:00 
Matt Lindblad            0  0  0   0  0   3  2  0  2  0  1/1    14:15   0:00   2:38 
Mike Hoeffel             0  0  0   0  0   1  0  0  0  0  1/1    10:50   0:00   0:00 
Mike Sgarbossa           0  0  0   0  0   0  1  1  4  0  1/2    10:50   0:00   0:00 
Nick Jensen              0  0  0   0  2   4  0  0  1  0  0/0    23:32   0:21   1:23 
Phillip Danault          0  0  0   0  0   1  0  2  2  1  7/15   13:50   0:00   2:38 
Stanislav Galiev         0  0  0   0  0   1  3  0  1  0  0/0    13:00   0:00   2:35 
Taylor Pyatt             0  0  0   0  0   0  0  0  11 2  0/0    17:35   0:44   1:08 
Travis Oleksuk           0  1  1   1  2   0  2  0  0  1  6/11   18:08   0:47   1:27 
Zach Trotman             0  0  0   0  0   0  0  0  0  0  0/0     0:09   0:00   0:00 

3 Stars

1 - Eriah Hayes (SYR)
2 - Jordin Tootoo (SYR)
3 - Richard Bachman (SYR)

Power Play

Falcons - 1 on 3 Attempt(s) - 33.33%
Crunch - 1 on 2 Attempt(s) - 50.00%

Penalty Kill

Falcons - 1 on 2 Attempt(s) - 50.00% - Score 0 goal in Penalty Kill
Crunch - 2 on 3 Attempt(s) - 66.67% - Score 0 goal in Penalty Kill

Team Stat

Falcons - Hits : 23 - Faceoff Wins : 22 - Blocked Shots : 13 - Penalty Minutes : 4
Crunch - Hits : 22 - Faceoff Wins : 22 - Blocked Shots : 8 - Penalty Minutes : 6

Official

Referees : Unknown
Linesman : Unknown

Game Notes

Zach Trotman is injured at 0:59 of 1st period (Left Hip)
Chad Ruhwedel is injured at 7:29 of 3rd period (Sprained Right Knee)

Finance

Level 1 -- Attendance: 1491 (74.55%) -- Ticket Income $37,275
Level 2 -- Attendance: 747 (74.70%) -- Ticket Income $7,470
Total Attendance: 2238 (74.60%)
Total Ticket Income: $44,745
Other Income: $21,925
Total Income: $66,670

Falcons

5 vs 5 Forward 
   Center                   Left Wing                Right Wing               Time % Phy DF OF 
 1 Jordan Weal              Jeff Taffe               Chris Thorburn           35     1   2  2  
 2 Austin Watson            Quinton Howden           Mitch Callahan           30     1   2  2  
 3 Jordan Weal              Austin Watson            Matt Ellis               22     1   2  2  
 4 Cal O'Reilly             Chris Thorburn           Jeff Taffe               13     1   2  2  

5 vs 5 Defense 
   Defense                  Defense                                           Time % Phy DF OF 
 1 Radek Martinek           Kevin Connauton                                   35     1   2  2  
 2 Chad Ruhwedel            Brian Connelly                                    30     1   2  2  
 3 Chad Ruhwedel            Kevin Connauton                                   22     1   2  2  
 4 Brian Connelly           Kevin Connauton                                   13     1   2  2  

PowerPlay Forward 
   Center                   Left Wing                Right Wing               Time % Phy DF OF 
 1 Jordan Weal              Cal O'Reilly             Chris Thorburn           60     1   2  2  
 2 Austin Watson            Quinton Howden           Mitch Callahan           40     1   2  2  

PowerPlay Defense
   Defense                  Defense                                           Time % Phy DF OF 
 1 Chad Ruhwedel            Kevin Connauton                                   60     1   2  2  
 2 Radek Martinek           Brian Connelly                                    40     1   2  2  

Penalty Kill 4 Players Forward 
   Center                   Wing                     Time % Phy DF OF 
 1 Jordan Weal              Cal O'Reilly             60     1   2  2  
 2 Chris Thorburn           Austin Watson            40     1   2  2  

Penalty Kill 4 Players Defense
   Defense                  Defense                  Time % Phy DF OF 
 1 Chad Ruhwedel            Kevin Connauton          60     1   2  2  
 2 Brian Dumoulin           Brian Connelly           40     1   2  2  

Penalty Kill - 3 Players Forward 
   Forward                                           Time % Phy DF OF 
 1 Chris Thorburn                                    60     1   2  2  
 2 Austin Watson                                     40     1   2  2  

Penalty Kill - 3 Players Defense
   Defense                  Defense                  Time % Phy DF OF 
 1 Radek Martinek           Kevin Connauton          60     1   2  2  
 2 Chad Ruhwedel            Brian Connelly           40     1   2  2  

4 vs 4 Forward 
   Center                   Wing                     Time % Phy DF OF 
 1 Cal O'Reilly             Jordan Weal              60     1   2  2  
 2 Chris Thorburn           Austin Watson            40     1   2  2  

4 vs 4 Defense
   Defense                  Defense                  Time % Phy DF OF 
 1 Chad Ruhwedel            Radek Martinek           60     1   2  2  
 2 Kevin Connauton          Brian Connelly           40     1   2  2  

Last Minutes Offensive
   Center                   Left Wing                Right Wing               Defense                  Defense                  
   Austin Watson            Jeff Taffe               Chris Thorburn           Chad Ruhwedel            Kevin Connauton          

Last Minutes Defensive
   Center                   Left Wing                Right Wing               Defense                  Defense                  
   Austin Watson            Jeff Taffe               Chris Thorburn           Chad Ruhwedel            Kevin Connauton          

Goaltenders
Starting : Troy Grosenick           
Backup : Farm Player77            

Extra Forwards
Normal : Jordan Weal, Cal O'Reilly, Chris Thorburn - PP : Jordan Weal, Cal O'Reilly - PK : Chris Thorburn
Extra Defensemen
Normal : Brian Connelly, Kevin Connauton, Chad Ruhwedel - PP : Kevin Connauton - PK : Kevin Connauton, Brian Connelly
Penalty Shots
Cal O'Reilly, Jeff Taffe, Chris Thorburn, Austin Watson, Jordan Weal

Crunch

5 vs 5 Forward 
   Center                   Left Wing                Right Wing               Time % Phy DF OF 
 1 Corban Knight            Andre Petersson          Taylor Pyatt             35     1   2  2  
 2 Travis Oleksuk           Jordin Tootoo            Eriah Hayes              35     1   2  2  
 3 Phillip Danault          Stanislav Galiev         Brodie Reid              15     1   2  2  
 4 Mike Sgarbossa           Matt Lindblad            Mike Hoeffel             15     1   2  2  

5 vs 5 Defense 
   Defense                  Defense                                           Time % Phy DF OF 
 1 Danny Syvret             Chad Billins                                      34     1   2  2  
 2 Zach Trotman             Karl Stollery                                     33     1   2  2  
 3 Nick Jensen              Brett Skinner                                     33     1   2  2  
 4 Danny Syvret             Chad Billins                                      0      0   5  0  

PowerPlay Forward 
   Center                   Left Wing                Right Wing               Time % Phy DF OF 
 1 Corban Knight            Andre Petersson          Taylor Pyatt             60     0   1  4  
 2 Travis Oleksuk           Jordin Tootoo            Eriah Hayes              40     0   2  3  

PowerPlay Defense
   Defense                  Defense                                           Time % Phy DF OF 
 1 Danny Syvret             Chad Billins                                      60     0   2  3  
 2 Zach Trotman             Karl Stollery                                     40     0   2  3  

Penalty Kill 4 Players Forward 
   Center                   Wing                     Time % Phy DF OF 
 1 Travis Oleksuk           Stanislav Galiev         50     1   4  0  
 2 Phillip Danault          Matt Lindblad            50     1   4  0  

Penalty Kill 4 Players Defense
   Defense                  Defense                  Time % Phy DF OF 
 1 Nick Jensen              Brett Skinner            50     1   4  0  
 2 Danny Syvret             Chad Billins             50     1   4  0  

Penalty Kill - 3 Players Forward 
   Forward                                           Time % Phy DF OF 
 1 Travis Oleksuk                                    50     1   4  0  
 2 Phillip Danault                                   50     1   4  0  

Penalty Kill - 3 Players Defense
   Defense                  Defense                  Time % Phy DF OF 
 1 Nick Jensen              Brett Skinner            50     1   4  0  
 2 Danny Syvret             Chad Billins             50     1   4  0  

4 vs 4 Forward 
   Center                   Wing                     Time % Phy DF OF 
 1 Corban Knight            Taylor Pyatt             60     0   1  4  
 2 Travis Oleksuk           Jordin Tootoo            40     1   2  2  

4 vs 4 Defense
   Defense                  Defense                  Time % Phy DF OF 
 1 Danny Syvret             Chad Billins             50     1   2  2  
 2 Zach Trotman             Karl Stollery            50     1   2  2  

Last Minutes Offensive
   Center                   Left Wing                Right Wing               Defense                  Defense                  
   Corban Knight            Andre Petersson          Taylor Pyatt             Danny Syvret             Chad Billins             

Last Minutes Defensive
   Center                   Left Wing                Right Wing               Defense                  Defense                  
   Corban Knight            Andre Petersson          Taylor Pyatt             Danny Syvret             Chad Billins             

Goaltenders
Starting : Richard Bachman          
Backup : Michael Houser           

Extra Forwards
Normal : Taylor Pyatt, Jordin Tootoo, Eriah Hayes - PP : Taylor Pyatt, Jordin Tootoo - PK : Taylor Pyatt
Extra Defensemen
Normal : Danny Syvret, Chad Billins, Zach Trotman - PP : Danny Syvret - PK : Danny Syvret, Chad Billins
Penalty Shots
Andre Petersson, Eriah Hayes, Jordin Tootoo, Taylor Pyatt, Corban Knight

% Time on Ice - Falcons

Lines # - Real PCT - Wanted PCT - Time Play
Normal Forward
1 - 24% - 35% - 13:01
2 - 34% - 30% - 18:16
3 - 26% - 22% - 13:50
4 - 15% - 13% - 8:09
Normal Defense
1 - 35% - 35% - 18:34
2 - 33% - 30% - 17:24
3 - 23% - 22% - 12:22
4 - 9% - 13% - 4:56
PP Forward
1 - 55% - 60% - 2:51
2 - 45% - 40% - 2:22
PP Defense
1 - 57% - 60% - 2:57
2 - 43% - 40% - 2:16
PK Forward
1 - 100% - 60% - 1:31
2 - 0% - 40% - 0:00
PK Defense
1 - 71% - 60% - 1:05
2 - 29% - 40% - 0:26
PK3 Forward
1 - 0% - 60%
2 - 0% - 40%
PK3 Defense
1 - 0% - 60%
2 - 0% - 40%
44 Forward
1 - 0% - 60%
2 - 0% - 40%
44 Defense
1 - 0% - 60%
2 - 0% - 40%
Last Minute Offensive  - 0:00
Last Minute Defensive  - 0:00
Total
Forward - 60:00
Defense - 60:00

% Time on Ice - Crunch

Lines # - Real PCT - Wanted PCT - Time Play
Normal Forward
1 - 30% - 35% - 15:44
2 - 31% - 35% - 16:17
3 - 20% - 15% - 10:25
4 - 20% - 15% - 10:50
Normal Defense
1 - 24% - 34% - 13:02
2 - 40% - 33% - 21:18
3 - 36% - 33% - 18:56
4 - 0% - 0% - 0:00
PP Forward
1 - 48% - 60% - 0:44
2 - 52% - 40% - 0:47
PP Defense
1 - 51% - 60% - 0:46
2 - 49% - 40% - 0:45
PK Forward
1 - 50% - 50% - 2:35
2 - 50% - 50% - 2:38
PK Defense
1 - 27% - 50% - 1:23
2 - 73% - 50% - 3:50
PK3 Forward
1 - 0% - 50%
2 - 0% - 50%
PK3 Defense
1 - 0% - 50%
2 - 0% - 50%
44 Forward
1 - 0% - 60%
2 - 0% - 40%
44 Defense
1 - 0% - 50%
2 - 0% - 50%
Last Minute Offensive  - 0:00
Last Minute Defensive  - 0:00
Total
Forward - 60:00
Defense - 60:00

Play by Play

1st period


0:01 of 1st period - Corban Knight wins face-off versus Jordan Weal in neutral zone.
0:58 of 1st period - Zach Trotman is hit by Austin Watson and loses puck.
0:59 of 1st period - Zach Trotman from Crunch is injured at 0:59 of 1st period (Left Hip).
1:00 of 1st period - Phillip Danault wins face-off versus Jordan Weal in Crunch zone.
1:07 of 1st period - Slapshot by Nick Jensen.
1:07 of 1st period - Shot Blocked by Austin Watson.
1:09 of 1st period - Slapshot by Nick Jensen.
1:09 of 1st period - Shot Misses the Net.
1:17 of 1st period - Slapshot by Brodie Reid.
1:17 of 1st period - Deflect By Phillip Danault.
1:17 of 1st period - Shot Misses the Net.
1:17 of 1st period - Puck is out of play.
1:18 of 1st period - Phillip Danault wins face-off versus Jordan Weal in Falcons zone.
1:30 of 1st period - Snap shot by Brett Skinner.
1:30 of 1st period - Stopped by Troy Grosenick without a rebound.
1:31 of 1st period - Cal O'Reilly wins face-off versus Travis Oleksuk in Falcons zone.
2:19 of 1st period - Eriah Hayes is hit by Austin Watson and loses puck.
3:29 of 1st period - Nick Jensen is hit by Jordan Weal and loses puck.
4:13 of 1st period - Snap shot by Taylor Pyatt.
4:13 of 1st period - Shot Misses the Net.
4:15 of 1st period - Snap shot by Andre Petersson.
4:15 of 1st period - Deflect By Taylor Pyatt.
4:15 of 1st period - Shot Blocked by Quinton Howden.
4:15 of 1st period - Puck is out of play.
4:16 of 1st period - Phillip Danault wins face-off versus Cal O'Reilly in Falcons zone.
4:21 of 1st period - Wrist shot by Stanislav Galiev.
4:21 of 1st period - Shot Misses the Net.
4:23 of 1st period - Backhand shot by Stanislav Galiev.
4:23 of 1st period - Stopped by Troy Grosenick with a rebound.
6:09 of 1st period - Backhand shot by Matt Ellis.
6:09 of 1st period - Deflect By Nick Jensen.
6:09 of 1st period - Stopped by Richard Bachman without a rebound.
6:10 of 1st period - Corban Knight wins face-off versus Jordan Weal in Crunch zone.
6:20 of 1st period - Corban Knight is hit by Austin Watson and loses puck.
6:30 of 1st period - Off-side.
6:31 of 1st period - Cal O'Reilly wins face-off versus Travis Oleksuk in neutral zone.
6:59 of 1st period - Snap shot by Jordin Tootoo.
6:59 of 1st period - Stopped by Troy Grosenick with a rebound.
7:29 of 1st period - Jordan Weal is hit by Karl Stollery and loses puck.
7:50 of 1st period - Chad Ruhwedel is hit by Chad Billins and loses puck.
8:43 of 1st period - Jordin Tootoo is hit by Brian Connelly.
9:04 of 1st period - Slapshot by Quinton Howden.
9:04 of 1st period - Stopped by Richard Bachman with a rebound.
9:50 of 1st period - Snap shot by Matt Lindblad.
9:50 of 1st period - Stopped by Troy Grosenick with a rebound.
9:52 of 1st period - Snap shot by Mike Sgarbossa.
9:52 of 1st period - Shot Blocked by Radek Martinek.
9:54 of 1st period - Snap shot by Matt Lindblad.
9:54 of 1st period - Stopped by Troy Grosenick with a rebound.
10:04 of 1st period - Brodie Reid is hit by Kevin Connauton and loses puck.
10:17 of 1st period - Wrist shot by Phillip Danault.
10:17 of 1st period - Deflect By Stanislav Galiev.
10:17 of 1st period - Shot Misses the Net.
10:17 of 1st period - Puck is out of play.
10:18 of 1st period - Phillip Danault wins face-off versus Austin Watson in Falcons zone.
10:51 of 1st period - Off-side.
10:52 of 1st period - Cal O'Reilly wins face-off versus Travis Oleksuk in neutral zone.
10:55 of 1st period - Slapshot by Chad Ruhwedel.
10:55 of 1st period - Shot Misses the Net.
10:57 of 1st period - Slapshot by Chad Ruhwedel.
10:57 of 1st period - Stopped by Richard Bachman with a rebound.
11:17 of 1st period - Wrist shot by Jeff Taffe.
11:17 of 1st period - Stopped by Richard Bachman with a rebound.
11:19 of 1st period - Slapshot by Brian Connelly.
11:19 of 1st period - Shot Blocked by Karl Stollery.
11:21 of 1st period - Snap shot by Brian Connelly.
11:21 of 1st period - Stopped by Richard Bachman without a rebound.
11:22 of 1st period - Matt Ellis wins face-off versus Mike Sgarbossa in Crunch zone.
13:13 of 1st period - Wrist shot by Phillip Danault.
13:13 of 1st period - Stopped by Troy Grosenick with a rebound.
13:15 of 1st period - Snap shot by Brett Skinner.
13:15 of 1st period - Deflect By Matt Ellis.
13:15 of 1st period - Stopped by Troy Grosenick with a rebound.
13:17 of 1st period - Snap shot by Nick Jensen.
13:17 of 1st period - Stopped by Troy Grosenick without a rebound.
13:18 of 1st period - Mitch Callahan wins face-off versus Phillip Danault in Falcons zone.
13:33 of 1st period - Quinton Howden is hit by Stanislav Galiev and loses puck.
14:08 of 1st period - Cal O'Reilly is hit by Travis Oleksuk and loses puck.
14:17 of 1st period - Chris Thorburn is hit by Eriah Hayes.
14:29 of 1st period - Jeff Taffe is hit by Chad Billins and loses puck.
15:24 of 1st period - Matt Lindblad is hit by Chad Ruhwedel and loses puck.
15:43 of 1st period - Radek Martinek is hit by Mike Sgarbossa.
16:34 of 1st period - Chris Thorburn is hit by Danny Syvret and loses puck.
18:51 of 1st period - Matt Lindblad is hit by Quinton Howden and loses puck.
19:13 of 1st period - Danny Syvret is hit by Carl Klingberg and loses puck.
19:40 of 1st period - Slapshot by Andre Petersson.
19:40 of 1st period - Shot Misses the Net.
19:51 of 1st period - Slapshot by Danny Syvret.
19:51 of 1st period - Shot Misses the Net.
Goals for this period are 0 for Falcons vs 0 for Crunch.
Shots for this period are 5 for Falcons vs 8 for Crunch.

2nd period


0:01 of 2nd period - Travis Oleksuk wins face-off versus Jordan Weal in neutral zone.
0:28 of 2nd period - Brian Connelly is hit by Eriah Hayes and loses puck.
0:43 of 2nd period - Minor Penalty to Andre Petersson for Roughing.
0:44 of 2nd period - Phillip Danault wins face-off versus Austin Watson in Crunch zone.
1:02 of 2nd period - Wrist shot by Quinton Howden.
1:02 of 2nd period - Shot Misses the Net.
1:04 of 2nd period - Snap shot by Chad Ruhwedel.
1:04 of 2nd period - Stopped by Richard Bachman with a rebound.
1:06 of 2nd period - Slapshot by Kevin Connauton.
1:06 of 2nd period - Stopped by Richard Bachman without a rebound.
1:07 of 2nd period - Jordan Weal wins face-off versus Phillip Danault in Crunch zone.
1:56 of 2nd period - Slapshot by Radek Martinek.
1:56 of 2nd period - Shot Blocked by Chad Billins.
1:58 of 2nd period - Slapshot by Chad Ruhwedel.
1:58 of 2nd period - Deflect By Quinton Howden.
1:58 of 2nd period - Goal by Quinton Howden - Falcons : 1 - Crunch : 0.
1:59 of 2nd period - Austin Watson wins face-off versus Corban Knight in neutral zone.
2:32 of 2nd period - Snap shot by Taylor Pyatt.
2:32 of 2nd period - Shot Misses the Net.
2:34 of 2nd period - Snap shot by Andre Petersson.
2:34 of 2nd period - Stopped by Troy Grosenick without a rebound.
2:35 of 2nd period - Travis Oleksuk wins face-off versus Jordan Weal in Falcons zone.
2:48 of 2nd period - Snap shot by Jordin Tootoo.
2:48 of 2nd period - Shot Blocked by Brian Connelly.
2:50 of 2nd period - Wrist shot by Jordin Tootoo.
2:50 of 2nd period - Shot Misses the Net.
2:52 of 2nd period - Wrist shot by Eriah Hayes.
2:52 of 2nd period - Deflect By Chad Ruhwedel.
2:52 of 2nd period - Stopped by Troy Grosenick with a rebound.
2:54 of 2nd period - Snap shot by Eriah Hayes.
2:54 of 2nd period - Goal by Eriah Hayes - Falcons : 1 - Crunch : 1.
2:55 of 2nd period - Jordan Weal wins face-off versus Corban Knight in neutral zone.
2:58 of 2nd period - Backhand shot by Radek Martinek.
2:58 of 2nd period - Shot Misses the Net.
3:00 of 2nd period - Wrist shot by Jordan Weal.
3:00 of 2nd period - Stopped by Richard Bachman with a rebound.
3:24 of 2nd period - Snap shot by Chris Thorburn.
3:24 of 2nd period - Stopped by Richard Bachman with a rebound.
3:26 of 2nd period - Snap shot by Jordan Weal.
3:26 of 2nd period - Stopped by Richard Bachman with a rebound.
3:28 of 2nd period - Wrist shot by Jeff Taffe.
3:28 of 2nd period - Deflect By Jordan Weal.
3:28 of 2nd period - Shot Blocked by Andre Petersson.
3:28 of 2nd period - Puck is out of play.
3:29 of 2nd period - Travis Oleksuk wins face-off versus Austin Watson in Crunch zone.
3:29 of 2nd period - Travis Oleksuk is hit by Mitch Callahan.
4:25 of 2nd period - Danny Syvret is hit by Brian Connelly and loses puck.
5:48 of 2nd period - Icing by Karl Stollery.
5:49 of 2nd period - Corban Knight wins face-off versus Jordan Weal in Crunch zone.
5:54 of 2nd period - Chris Thorburn is hit by Karl Stollery and loses puck.
6:39 of 2nd period - Kevin Connauton is hit by Stanislav Galiev.
7:11 of 2nd period - Phillip Danault is hit by Cal O'Reilly.
7:29 of 2nd period - Matt Ellis is hit by Travis Oleksuk and loses puck.
8:02 of 2nd period - Matt Ellis is hit by Matt Lindblad.
8:13 of 2nd period - Snap shot by Matt Lindblad.
8:13 of 2nd period - Shot Blocked by Matt Ellis.
8:15 of 2nd period - Wrist shot by Mike Hoeffel.
8:15 of 2nd period - Stopped by Troy Grosenick without a rebound.
8:16 of 2nd period - Mike Sgarbossa wins face-off versus Cal O'Reilly in Falcons zone.
8:33 of 2nd period - Snap shot by Mike Sgarbossa.
8:33 of 2nd period - Shot Misses the Net.
8:35 of 2nd period - Snap shot by Danny Syvret.
8:35 of 2nd period - Stopped by Troy Grosenick without a rebound.
8:36 of 2nd period - Chris Thorburn wins face-off versus Corban Knight in Falcons zone.
8:55 of 2nd period - Wrist shot by Quinton Howden.
8:55 of 2nd period - Stopped by Richard Bachman without a rebound.
8:56 of 2nd period - Cal O'Reilly wins face-off versus Andre Petersson in Crunch zone.
9:17 of 2nd period - Backhand shot by Andre Petersson.
9:17 of 2nd period - Shot Misses the Net.
9:19 of 2nd period - Slapshot by Nick Jensen.
9:19 of 2nd period - Stopped by Troy Grosenick with a rebound.
9:21 of 2nd period - Slapshot by Nick Jensen.
9:21 of 2nd period - Shot Blocked by Cal O'Reilly.
9:59 of 2nd period - Icing by Nick Jensen.
10:00 of 2nd period - Travis Oleksuk wins face-off versus Austin Watson in Crunch zone.
10:05 of 2nd period - Mitch Callahan is hit by Brett Skinner and loses puck.
10:14 of 2nd period - Snap shot by Austin Watson.
10:14 of 2nd period - Stopped by Richard Bachman with a rebound.
10:26 of 2nd period - Wrist shot by Jeff Taffe.
10:26 of 2nd period - Shot Hit the Post.
10:28 of 2nd period - Snap shot by Jordan Weal.
10:28 of 2nd period - Shot Misses the Net.
10:30 of 2nd period - Minor Penalty to Travis Oleksuk for Cross-checking.
10:31 of 2nd period - Jordan Weal wins face-off versus Phillip Danault in Crunch zone.
10:38 of 2nd period - Snap shot by Cal O'Reilly.
10:38 of 2nd period - Stopped by Richard Bachman without a rebound.
10:39 of 2nd period - Cal O'Reilly wins face-off versus Phillip Danault in Crunch zone.
11:00 of 2nd period - Stanislav Galiev is hit by Mitch Callahan and loses puck.
11:52 of 2nd period - Slapshot by Radek Martinek.
11:52 of 2nd period - Shot Blocked by Phillip Danault.
11:54 of 2nd period - Backhand shot by Brian Connelly.
11:54 of 2nd period - Shot Misses the Net.
12:13 of 2nd period - Stanislav Galiev is hit by Chris Thorburn and loses puck.
12:30 of 2nd period - Penalty to Travis Oleksuk is over, Travis Oleksuk is back on ice.
12:34 of 2nd period - Matt Lindblad is hit by Brian Connelly and loses puck.
13:10 of 2nd period - Snap shot by Eriah Hayes.
13:10 of 2nd period - Stopped by Troy Grosenick with a rebound.
14:32 of 2nd period - Snap shot by Matt Lindblad.
14:32 of 2nd period - Shot Blocked by Krys Barch.
14:34 of 2nd period - Slapshot by Nick Jensen.
14:34 of 2nd period - Stopped by Troy Grosenick with a rebound.
14:36 of 2nd period - Slapshot by Mike Hoeffel.
14:36 of 2nd period - Shot Blocked by Chad Ruhwedel.
14:38 of 2nd period - Slapshot by Chad Billins.
14:38 of 2nd period - Shot Blocked by Jordan Weal.
16:18 of 2nd period - Radek Martinek is hit by Danny Syvret and loses puck.
16:30 of 2nd period - Icing by Quinton Howden.
16:31 of 2nd period - Austin Watson wins face-off versus Phillip Danault in Falcons zone.
17:18 of 2nd period - Off-side.
17:19 of 2nd period - Cal O'Reilly wins face-off versus Corban Knight in neutral zone.
17:34 of 2nd period - Snap shot by Andre Petersson.
17:34 of 2nd period - Shot Misses the Net.
17:50 of 2nd period - Snap shot by Jordin Tootoo.
17:50 of 2nd period - Shot Misses the Net.
18:34 of 2nd period - Icing by Travis Oleksuk.
18:35 of 2nd period - Cal O'Reilly wins face-off versus Travis Oleksuk in Crunch zone.
Goals for this period are 1 for Falcons vs 1 for Crunch.
Shots for this period are 9 for Falcons vs 8 for Crunch.

3rd period


0:01 of 3rd period - Corban Knight wins face-off versus Jordan Weal in neutral zone.
0:08 of 3rd period - Wrist shot by Chad Ruhwedel.
0:08 of 3rd period - Shot Misses the Net.
0:10 of 3rd period - Wrist shot by Jeff Taffe.
0:10 of 3rd period - Shot Blocked by Chad Billins.
0:12 of 3rd period - Snap shot by Chris Thorburn.
0:12 of 3rd period - Stopped by Richard Bachman with a rebound.
0:14 of 3rd period - Snap shot by Jordan Weal.
0:14 of 3rd period - Stopped by Richard Bachman with a rebound.
0:16 of 3rd period - Snap shot by Jeff Taffe.
0:16 of 3rd period - Shot Misses the Net.
0:18 of 3rd period - Snap shot by Jordan Weal.
0:18 of 3rd period - Stopped by Richard Bachman with a rebound.
0:20 of 3rd period - Snap shot by Jeff Taffe.
0:20 of 3rd period - Stopped by Richard Bachman without a rebound.
0:21 of 3rd period - Travis Oleksuk wins face-off versus Austin Watson in Crunch zone.
0:21 of 3rd period - Travis Oleksuk is hit by Quinton Howden.
1:20 of 3rd period - Off-side.
1:21 of 3rd period - Jordan Weal wins face-off versus Corban Knight in neutral zone.
1:48 of 3rd period - Nick Jensen is hit by Chad Ruhwedel and loses puck.
2:22 of 3rd period - Wrist shot by Matt Lindblad.
2:22 of 3rd period - Stopped by Troy Grosenick with a rebound.
2:52 of 3rd period - Minor Penalty to Jordan Weal for Hooking.
2:53 of 3rd period - Travis Oleksuk wins face-off versus Chris Thorburn in Falcons zone.
3:16 of 3rd period - Snap shot by Jordin Tootoo.
3:16 of 3rd period - Stopped by Troy Grosenick with a rebound.
3:18 of 3rd period - Slapshot by Danny Syvret.
3:18 of 3rd period - Deflect By Jordin Tootoo.
3:18 of 3rd period - Goal by Jordin Tootoo - Falcons : 1 - Crunch : 2.
3:19 of 3rd period - Corban Knight wins face-off versus Cal O'Reilly in neutral zone.
3:31 of 3rd period - Icing by Brett Skinner.
3:32 of 3rd period - Cal O'Reilly wins face-off versus Corban Knight in Crunch zone.
3:51 of 3rd period - Slapshot by Radek Martinek.
3:51 of 3rd period - Stopped by Richard Bachman with a rebound.
4:39 of 3rd period - Minor Penalty to Nick Jensen for Tripping.
4:40 of 3rd period - Jordan Weal wins face-off versus Phillip Danault in Crunch zone.
4:45 of 3rd period - Snap shot by Chad Ruhwedel.
4:45 of 3rd period - Shot Blocked by Phillip Danault.
4:47 of 3rd period - Snap shot by Cal O'Reilly.
4:47 of 3rd period - Stopped by Richard Bachman with a rebound.
4:49 of 3rd period - Snap shot by Chad Ruhwedel.
4:49 of 3rd period - Stopped by Richard Bachman with a rebound.
4:51 of 3rd period - Slapshot by Chad Ruhwedel.
4:51 of 3rd period - Shot Misses the Net.
4:53 of 3rd period - Slapshot by Kevin Connauton.
4:53 of 3rd period - Stopped by Richard Bachman without a rebound.
4:54 of 3rd period - Matt Lindblad wins face-off versus Jordan Weal in Crunch zone.
5:09 of 3rd period - Snap shot by Cal O'Reilly.
5:09 of 3rd period - Stopped by Richard Bachman without a rebound.
5:10 of 3rd period - Austin Watson wins face-off versus Travis Oleksuk in Crunch zone.
5:31 of 3rd period - Wrist shot by Quinton Howden.
5:31 of 3rd period - Shot Misses the Net.
5:33 of 3rd period - Slapshot by Chad Ruhwedel.
5:33 of 3rd period - Stopped by Richard Bachman with a rebound.
5:35 of 3rd period - Snap shot by Austin Watson.
5:35 of 3rd period - Shot Misses the Net.
6:13 of 3rd period - Radek Martinek is hit by Stanislav Galiev and loses puck.
6:39 of 3rd period - Penalty to Nick Jensen is over, Nick Jensen is back on ice.
6:46 of 3rd period - Snap shot by Matt Lindblad.
6:46 of 3rd period - Shot Hit the Post.
7:06 of 3rd period - Austin Watson is hit by Andre Petersson and loses puck.
7:27 of 3rd period - Snap shot by Corban Knight.
7:27 of 3rd period - Stopped by Troy Grosenick with a rebound.
7:29 of 3rd period - Snap shot by Nick Jensen.
7:29 of 3rd period - Shot Blocked by Chad Ruhwedel.
7:29 of 3rd period - Chad Ruhwedel from Falcons is injured at 7:29 of 3rd period (Sprained Right Knee).
7:30 of 3rd period - Chris Thorburn wins face-off versus Corban Knight in Falcons zone.
8:05 of 3rd period - Wrist shot by Taylor Pyatt.
8:05 of 3rd period - Shot Blocked by Kevin Connauton.
8:07 of 3rd period - Snap shot by Taylor Pyatt.
8:07 of 3rd period - Shot Misses the Net.
8:30 of 3rd period - Jordan Weal is hit by Jordin Tootoo and loses puck.
8:35 of 3rd period - Slapshot by Jordin Tootoo.
8:35 of 3rd period - Shot Misses the Net.
8:37 of 3rd period - Slapshot by Nick Jensen.
8:37 of 3rd period - Stopped by Troy Grosenick with a rebound.
9:30 of 3rd period - Snap shot by Brodie Reid.
9:30 of 3rd period - Shot Misses the Net.
9:40 of 3rd period - Karl Stollery is hit by Brian Connelly and loses puck.
10:14 of 3rd period - Snap shot by Austin Watson.
10:14 of 3rd period - Shot Blocked by Mike Sgarbossa.
10:32 of 3rd period - Snap shot by Cal O'Reilly.
10:32 of 3rd period - Stopped by Richard Bachman with a rebound.
10:34 of 3rd period - Slapshot by Chris Thorburn.
10:34 of 3rd period - Shot Misses the Net.
11:10 of 3rd period - Andre Petersson is hit by Cal O'Reilly and loses puck.
11:34 of 3rd period - Slapshot by Mitch Callahan.
11:34 of 3rd period - Stopped by Richard Bachman with a rebound.
12:12 of 3rd period - Slapshot by Jordin Tootoo.
12:12 of 3rd period - Shot Misses the Net.
12:23 of 3rd period - Off-side.
12:24 of 3rd period - Jordan Weal wins face-off versus Phillip Danault in neutral zone.
12:32 of 3rd period - Icing by Phillip Danault.
12:33 of 3rd period - Phillip Danault wins face-off versus Jordan Weal in Crunch zone.
12:45 of 3rd period - Matt Ellis is hit by Brodie Reid and loses puck.
12:57 of 3rd period - Snap shot by Nick Jensen.
12:57 of 3rd period - Shot Misses the Net.
13:01 of 3rd period - Slapshot by Phillip Danault.
13:01 of 3rd period - Shot Misses the Net.
13:31 of 3rd period - Wrist shot by Eriah Hayes.
13:31 of 3rd period - Stopped by Troy Grosenick with a rebound.
14:42 of 3rd period - Nick Jensen is hit by Brian Connelly and loses puck.
15:09 of 3rd period - Icing by Kevin Connauton.
15:10 of 3rd period - Phillip Danault wins face-off versus Jeff Taffe in Falcons zone.
15:56 of 3rd period - Slapshot by Kevin Connauton.
15:56 of 3rd period - Shot Blocked by Brett Skinner.
16:10 of 3rd period - Mike Sgarbossa is hit by Brian Connelly and loses puck.
16:36 of 3rd period - Chris Thorburn is hit by Matt Lindblad and loses puck.
17:07 of 3rd period - Karl Stollery is hit by Matt Ellis and loses puck.
17:14 of 3rd period - Cal O'Reilly is hit by Corban Knight and loses puck.
17:41 of 3rd period - Jordan Weal is hit by Eriah Hayes and loses puck.
17:53 of 3rd period - Icing by Kevin Connauton.
17:54 of 3rd period - Jordan Weal wins face-off versus Phillip Danault in Falcons zone.
18:11 of 3rd period - Slapshot by Phillip Danault.
18:11 of 3rd period - Deflect By Stanislav Galiev.
18:11 of 3rd period - Shot Blocked by Jordan Weal.
18:11 of 3rd period - Puck is out of play.
18:12 of 3rd period - Mike Hoeffel wins face-off versus Quinton Howden in Falcons zone.
18:13 of 3rd period - Wrist shot by Mike Sgarbossa.
18:13 of 3rd period - Shot Misses the Net.
18:15 of 3rd period - Snap shot by Mike Sgarbossa.
18:15 of 3rd period - Shot Blocked by Radek Martinek.
18:44 of 3rd period - Slapshot by Mike Sgarbossa.
18:44 of 3rd period - Shot Misses the Net.
18:54 of 3rd period - Minor Penalty to Joonas Jarvinen for Hooking.
18:55 of 3rd period - Corban Knight wins face-off versus Jordan Weal in Falcons zone.
19:20 of 3rd period - Taylor Pyatt is hit by Brian Connelly and loses puck.
Goals for this period are 0 for Falcons vs 1 for Crunch.
Shots for this period are 12 for Falcons vs 6 for Crunch.


Output by the SimonT Hockey Simulator (STHS) for Eric Dolegowski -- Original Page W3C XHTML 1.0 Valid
Hockey Simulator - Hockey Simulation - Hockey Manager